 Dungeon Crawl Stone Soup version 0.31-a0-1549-g5ff9445e89 (webtiles) character file.

Game seed: 12576717520471197165

1653239 Drazool the Acrobat (level 27, 228/228 HPs)
             Began as a Djinni Alchemist on Dec 22, 2023.
             Was the Champion of Ashenzari.
             Escaped with the Orb
             ... and 3 runes on Jan 2, 2024!
             The game lasted 06:13:26 (70463 turns).

Drazool the Acrobat (Djinni Alchemist)             Turns: 70463, Time: 06:13:27

Health: 228/228    AC: 26    Str:  7    XL:     27
Gold:   8948       EV: 21    Int: 35    God:    Ashenzari [******] SH: 10 Dex: 16

rFire   + + +        N - staff of Supernal Gnosis (curse) {rElec Will+ Air, !a, Dev, Melee} (curse)
rCold   + . .        e - +3 warlock's mirror {omnireflect, Self, Melee} (curse)
rNeg    + . .        q - +4 ring mail of Apeoromancy {rC+, Self, Comp} (curse)
rPois   ∞            T - +2 helmet of the Ensconced Apathy {Elem, Self} (curse)
rElec   +            t - +2 cloak of Ashenzari's Stars {Comp, Elem} (curse)
rCorr   .            X - +3 pair of gloves of Toth-Mos's Legacy {*Corrode rElec rN+ Will+++, Melee, Comp} (curse)
SInv    +            (boots unavailable)
Will    +++++        c - amulet of the Unyielding Gaze {Will+ Regen+, Cun, Sorc} (curse)
Stlth   +            V - ring "Gaze Upon Infinity" {rElec rF+ rC+ Will+, Comp, Sorc} (curse)
HPRegen 1.38/turn    I - ring "Moon of the Astral Seer" {Int+6, Sorc, Dev} (curse)
MPRegen 0.00/turn

%: corrode self (3%), reflection, clarity
@: calling dragons, flying, hasted, studying Long Blades, very quick
A: sickness immunity, fire resistance 2, cold vulnerability 1, float, innate
caster, HP casting, extra vitality 1
0: Orb of Zot
}: 3/15 runes: decaying, serpentine, silver
a: Renounce Religion, Shatter the Chains


You escaped.
You worshipped Ashenzari.
Ashenzari was exalted by your worship.
You visited 11 branches of the dungeon, and saw 51 of its levels.
You also visited: Ossuary and Ice Cave.

You collected 12895 gold pieces.
You spent 3947 gold pieces at shops.


Innate Abilities, Weirdness & Mutations

You are immune to sickness and miasma.
You are immune to poison.
Your flesh is very heat resistant. (rF++)
You are vulnerable to cold. (rC-)
You float through the air rather than walking.
You learn spells naturally, not from books.
Your magical power is your life essence.
You have superior vitality. (+4 MHP)


   Skills:
 - Level 22.7(27) Fighting
 - Level 9.0(13.7) Staves
 + Level 19.7 Armour
 + Level 23.0(25.1) Dodging
 - Level 1.5(3.2) Stealth
 - Level 12.0 Shields
 - Level 22.7(27) Spellcasting
 - Level 22.7(27) Conjurations
 - Level 22.7 Hexes
 - Level 22.7(27) Summonings
 - Level 22.7(27) Necromancy
 - Level 22.7 Translocations
 - Level 22.7(25.9) Fire Magic
 - Level 22.7(25.9) Ice Magic
 - Level 22.7(25.9) Air Magic
 - Level 22.7(25.9) Earth Magic
 - Level 22.7(27) Alchemy
 - Level 8.8(12.4) Evocations


You knew the following spells:

 Your Spells              Type           Power      Damage    Failure   Level
a - Plasma Beam           Fire/Air       74%        2x1d91    0%          6
c - Confusing Touch       Hex            100%       N/A       0%          3
d - Death Channel         Necr           62%        N/A       0%          6
f - Fireball              Conj/Fire      62%        3d24      0%          5
g - Freezing Cloud        Conj/Ice/Air   74%        6-21      0%          5
h - Haunt                 Necr/Summ      62%        N/A       0%          7
i - Disjunction           Tloc           58%        N/A       1%          8
l - Dragon's Call         Summ           62%        N/A       1%          9
m - Mephitic Cloud        Conj/Alch/Air  100%       N/A       0%          3
o - Olgreb's Toxic Radia  Alch           100%       N/A       0%          4
s - Summon Small Mammal   Summ           100%       N/A       0%          1
t - Monstrous Menagerie   Summ           62%        N/A       0%          7
u - Passage of Golubria   Tloc           100%       N/A       0%          4
y - Sticky Flame          Fire/Alch      100%       2d15      0%          4
z - Sting                 Conj/Alch      100%       1d9       0%          1
X - Mercury Vapours       Alch/Air       100%       N/A       0%          2
Y - Momentum Strike       Conj/Tloc      100%       3d10      0%          2
Z - Sculpt Simulacrum     Ice/Alch       62%        N/A       0%          6
Your spell library was empty.

Inventory:

Missiles
 r - 2 throwing nets {=f}
Armour
 e - the cursed +3 warlock's mirror (worn) {omnireflect, Self, Melee}
   (You acquired it on level 5 of the Lair of Beasts)

   Omnireflect: It can block and reflect piercing ranged attacks and magical
   attacks against the wielder's willpower.
   It has a curse which improves the following skills: Introspection: Fighting
   and Spellcasting.
   Melee Combat: Short Blades, Long Blades, Axes, Maces & Flails, Polearms,
   Staves and Unarmed Combat.
 q - the cursed +4 ring mail of Apeoromancy (worn) {rC+, Self, Comp}
   (You took it off Ijyb on level 4 of the Dungeon)

   It has a curse which improves the following skills: Introspection: Fighting
   and Spellcasting.
   Companions: Summonings and Necromancy.
 t - the cursed +2 cloak of Ashenzari's Stars (worn) {Comp, Elem}
   (You found it on level 15 of the Dungeon)

   It has a curse which improves the following skills: Companions: Summonings
   and Necromancy.
   Elements:  Fire Magic, Ice Magic, Air Magic and Earth Magic.
 T - the cursed +2 helmet of the Ensconced Apathy (worn) {Elem, Self}
   (You found it on level 4 of the Vaults)

   It has a curse which improves the following skills: Elements: Fire Magic, Ice
   Magic, Air Magic and Earth Magic.
   Introspection: Fighting and Spellcasting.
 X - the cursed +3 pair of gloves of Toth-Mos's Legacy (worn) {*Corrode rElec rN+ Will+++, Melee, Comp}
   (You bought it in a shop on level 2 of the Orcish Mines)

   rElec:     It insulates you from electricity.
   rN+:       It protects you from negative energy.
   Will+++:   It greatly increases your willpower.
   *Corrode:  It may corrode you when you take damage.
   It has a curse which improves the following skills: Melee Combat: Short
   Blades, Long Blades, Axes, Maces & Flails, Polearms, Staves and Unarmed
   Combat.
   Companions: Summonings and Necromancy.
Magical Staves
 F - the staff of the Unliving {rF+ rC+ Fire, !a}
   (You found it on level 3 of the Elven Halls)

   [staff of fire]

   Base accuracy: +5 Base damage: 5 Base attack delay: 1.2 This weapon's minimum
   attack delay (0.6) is reached at skill level 12.
   rF+:       It protects you from fire.
   rC+:       It protects you from cold.
   Fire:      It increases the power of your Fire spells.
   It falls into the 'Staves' category.
   It is a one-handed weapon.
 N - the cursed staff of Supernal Gnosis (weapon) {rElec Will+ Air, !a, Dev, Melee}
   (You found it on level 14 of the Dungeon)

   [staff of air]

   Base accuracy: +5 Base damage: 5 Base attack delay: 1.2 This weapon's minimum
   attack delay (0.6) is reached at skill level 12.
   rElec:     It insulates you from electricity.
   Will+:     It increases your willpower.
   Air:       It increases the power of your Air spells.
   It falls into the 'Staves' category.
   It is a one-handed weapon.
   It has a curse which improves the following skills: Devices: Evocations and
   Shapeshifting.
   Melee Combat: Short Blades, Long Blades, Axes, Maces & Flails, Polearms,
   Staves and Unarmed Combat.
Jewellery
 c - the cursed amulet of the Unyielding Gaze (around neck) {Will+ Regen+, Cun, Sorc}
   (You bought it in a shop on level 2 of the Elven Halls)

   [amulet of regeneration]

   Will+:     It increases your willpower.
   Regen+:    It increases your rate of health regeneration.
   It has a curse which improves the following skills: Cunning: Dodging and
   Stealth.
   Sorcery:   Conjurations and Alchemy.
 D - a +6 ring of dexterity
 I - the cursed ring "Moon of the Astral Seer" (right hand) {Int+6, Sorc, Dev}
   (You found it on level 11 of the Dungeon)

   [ring of intelligence]

   Int+6:     It affects your intelligence (+6).
   It has a curse which improves the following skills: Sorcery: Conjurations and
   Alchemy.
   Devices:   Evocations and Shapeshifting.
 V - the cursed ring "Gaze Upon Infinity" (left hand) {rElec rF+ rC+ Will+, Comp, Sorc}
   (You bought it in a shop on level 2 of the Orcish Mines)

   [ring of protection from cold]

   rF+:       It protects you from fire.
   rC+:       It protects you from cold.
   rElec:     It insulates you from electricity.
   Will+:     It increases your willpower.
   It has a curse which improves the following skills: Companions: Summonings
   and Necromancy.
   Sorcery:   Conjurations and Alchemy.
 Z - a ring of wizardry
Wands
 a - a wand of digging (5)
 p - a wand of flame (144)
 s - a wand of paralysis (52)
 u - a wand of roots (28)
 y - a wand of light (41)
 M - a wand of polymorph (18)
 S - a wand of mindburst (75)
Scrolls
 b - 9 scrolls of fear
 d - 4 scrolls of enchant armour
 f - a scroll of blinking
 g - 4 scrolls of silence {!r}
 k - 5 scrolls of revelation
 l - 14 scrolls of teleportation {@r2}
 m - 9 scrolls of fog
 o - 7 scrolls of enchant weapon
 w - a scroll of brand weapon
 x - 5 scrolls of poison
 z - 11 scrolls of vulnerability
 A - 5 scrolls of immolation
 P - 3 scrolls of butterflies
Potions
 h - 29 potions of curing {@q1}
 i - 6 potions of attraction
 j - 8 potions of enlightenment
 n - 9 potions of mutation
 B - 8 potions of cancellation
 E - 6 potions of haste {@q3}
 G - 7 potions of brilliance
 H - 10 potions of lignification
 J - 6 potions of might
 K - a potion of ambrosia
 L - 2 potions of resistance
 R - 4 potions of invisibility
 U - 5 potions of berserk rage {!q}
Miscellaneous
 v - a tin of tremorstones (2/2)
 C - a phial of floods
 Q - a sack of spiders
 W - a lightning rod (4/4)
 Y - a phantom mirror

Dungeon Overview and Level Annotations

Branches:
Dungeon (15/15)            Temple (1/1) D:7            Lair (5/5) D:9
  Swamp (4/4) Lair:3        Snake (4/4) Lair:3        Slime (0/5) Lair:5
    Orc (2/2) D:11            Elf (3/3) Orc:2        Vaults (5/5) D:13
  Crypt (3/3) Vaults:3       Tomb (0/3) Crypt:3      Depths (4/4) D:15
    Zot (5/5) Depths:4    Ossuary (visited)           IceCv (visited)

Altars:
Ashenzari
Cheibriados
Dithmenos
Elyvilon
Fedhas
Gozag
Hepliaklqana
Makhleb
Nemelex Xobeh
Okawaru
Qazlal
Ru
Trog
Uskayaw
Wu Jian
Xom
Yredelemnul
Zin
The Shining One

Shops:
D:1 !   D:13 [   D:15 !*   Orc:1 *   Orc:2 *=[[   Elf:2 =:=   Elf:3 *(?
Snake:1 !   Snake:3 ?   Snake:4 *   Vaults:3 !   Depths:1 [([?   Depths:2 (:[

Portals:
Hell: Depths:1 Depths:2 Depths:3 Depths:4
Abyss: Depths:3
Pandemonium: Depths:1 Depths:2
Ziggurat: Depths:1

Annotations:
Snake:2 2 transporters, Roxanne
Elf:1 1 runed translucent door
Elf:2 3 runed translucent doors
Crypt:2 1 runed translucent door, Goociwk's ghost, adept GrFi

#♣..............♣##
#.....♣▒'''▒♣♣.{.D.
#♣.♣♣▒▒▒...▒▒▒♣♣.D.
♣♣♣ ▒.......▒ ♣♣..
▒▒▒▒{.8....▒▒▒▒♣♣
▒▒▒..▒.......▒..▒▒▒
▒....D.8.....▒....▒
▒....▒...⌠...▒^...▒
▒.@..▒.8...8.'..⌠.▒
▒....▒...8...▒....▒
▒▒▒▒▒▒▒▒▒▒▒▒▒▒▒▒▒▒▒


You could see a friendly shadow dragon (summoned, fast).


Message History

The apocalypse crab dies!
The apocalypse crab's corpse disappears in a puff of smoke!
Your ice dragon is engulfed in seething chaos.
Your ice dragon appears confused.
Your ice dragon bites the starcursed mass but does no damage.
Your ice dragon claws the starcursed mass!
The starcursed mass shudders and is absorbed by its neighbour.
Something hits your quicksilver dragon!!
Something barely misses your quicksilver dragon.
You are engulfed in seething chaos.
You feel yourself speed up.
Your quicksilver dragon bites the starcursed mass.
Your quicksilver dragon claws the starcursed mass!
Something hits your quicksilver dragon.
Something kicks your quicksilver dragon.
The starcursed mass misses your quicksilver dragon.
Your ice dragon is engulfed in seething chaos.
The cacodemon hits your quicksilver dragon.
The cacodemon completely misses your quicksilver dragon.
Your quicksilver dragon bites the starcursed mass!!
The starcursed mass is destroyed!
The starcursed mass disappears in a puff of smoke!
Your shadow dragon is engulfed in seething chaos.
Your shadow dragon seems to speed up.
Your ice dragon is engulfed in seething chaos.
Your ice dragon seems to slow down.
Your ice dragon disappears in a puff of smoke!
There is an open gate here.
There is an open door here.
There is a staircase leading out of the dungeon here.
You have escaped!

Skill      XL: |  1  2  3  4  5  6  7  8  9 10 11 12 13 14 15 16 17 18 19 20 21 22 23 24 25 26 27 |
---------------+----------------------------------------------------------------------------------+-----
Spellcasting   | 4 5 6 7 9 11 12 13 15 17 19 20 21 22 | 22.7
Conjurations   | 4 5 6 7 9 11 12 13 15 17 19 20 21 22 | 22.7
Hexes          | 4 5 6 7 9 11 12 13 15 17 19 20 21 22 | 22.7
Summonings     | 4 5 6 7 9 11 12 13 15 17 19 20 21 22 | 22.7
Necromancy     | 4 5 6 7 9 11 12 13 15 17 19 20 21 22 | 22.7
Translocations | 4 5 6 7 9 11 12 13 15 17 19 20 21 22 | 22.7
Fire Magic     | 4 5 6 7 9 11 12 13 15 17 19 20 21 22 | 22.7
Ice Magic      | 4 5 6 7 9 11 12 13 15 17 19 20 21 22 | 22.7
Air Magic      | 4 5 6 7 9 11 12 13 15 17 19 20 21 22 | 22.7
Earth Magic    | 4 5 6 7 9 11 12 13 15 17 19 20 21 22 | 22.7
Alchemy        | 4 5 6 7 9 11 12 13 15 17 19 20 21 22 | 22.7
Fighting       | 3 4 7 8 10 12 16 17 18 20 21 22 | 22.7
Dodging        | 4 7 9 12 14 17 21 23 | 23.0
Armour         | 2 5 7 8 9 11 13 19 | 19.7
Evocations     | 3 5 7 8 |  8.8
Shields        | 5 7 12 | 12.0
Staves         | 8 9 |  9.0
Stealth        | |  1.5

Action                     |  1- 3 |  4- 6 |  7- 9 | 10-12 | 13-15 | 16-18 | 19-21 | 22-24 | 25-27 || total
---------------------------+-------+-------+-------+-------+-------+-------+-------+-------+-------++-------
  Melee: Dagger            |       |     3 |    46 |    51 |    71 |   103 |    19 |     3 |       ||   296
         Punch             |       |       |     2 |     2 |       |       |       |       |       ||     4
         Staff             |       |       |       |       |       |       |       |    16 |    18 ||    34
   Cast: Sting             |    53 |    71 |   131 |    33 |       |       |       |       |       ||   288
         Mercury Vapours   |    15 |    24 |    46 |     9 |     4 |     9 |     4 |     1 |       ||   112
         Mephitic Cloud    |       |     5 |    48 |    32 |    42 |    43 |    29 |     2 |       ||   201
         Momentum Strike   |       |       |     1 |       |       |     3 |       |       |       ||     4
         Sticky Flame      |       |       |    11 |    50 |    12 |     8 |       |       |     2 ||    83
         Olgreb's Toxic Ra |       |       |    20 |    67 |   120 |    62 |    22 |    20 |    12 ||   323
         Confusing Touch   |       |       |     1 |     1 |       |       |     2 |       |       ||     4
         Summon Small Mamm |       |       |       |     2 |       |       |       |       |       ||     2
         Fireball          |       |       |       |    97 |   153 |   246 |   125 |   134 |   246 ||  1001
         Freezing Cloud    |       |       |       |       |   137 |   171 |    30 |     9 |     7 ||   354
         Death Channel     |       |       |       |       |     1 |     3 |    11 |    49 |    38 ||   102
         Sculpt Simulacrum |       |       |       |       |       |     2 |    16 |     9 |     2 ||    29
         Plasma Beam       |       |       |       |       |       |       |   244 |   163 |   278 ||   685
         Passage of Golubr |       |       |       |       |       |       |     3 |     3 |       ||     6
         Haunt             |       |       |       |       |       |       |    63 |   183 |   170 ||   416
         Monstrous Menager |       |       |       |       |       |       |       |    75 |    67 ||   142
         Disjunction       |       |       |       |       |       |       |       |       |    36 ||    36
         Dragon's Call     |       |       |       |       |       |       |       |       |    42 ||    42
 Invoke: Curse Item        |       |       |       |     6 |     2 |     4 |       |     3 |       ||    15
         Shatter the Chain |       |       |       |       |     1 |     3 |       |     2 |       ||     6
  Evoke: Wand              |       |       |       |     1 |       |     1 |     2 |     1 |     3 ||     8
    Use: Scroll            |       |     4 |     2 |     4 |     2 |     3 |     1 |     6 |    15 ||    37
         Potion            |       |       |       |     2 |     1 |     2 |     3 |     5 |    10 ||    23
   Stab: Confused          |       |       |     1 |     3 |     4 |       |       |       |       ||     8
         Distracted        |       |       |       |       |       |     1 |       |       |     1 ||     2
 Armour: Robe              |     2 |     5 |    14 |       |       |       |       |       |       ||    21
         Ring mail         |       |       |    37 |    64 |    86 |   191 |   113 |   159 |   226 ||   876
  Dodge: Dodged            |     5 |    14 |    44 |    60 |    41 |    99 |    58 |    77 |   157 ||   555
  Block: Kite shield       |       |       |       |       |    30 |       |       |       |       ||    30
         Buckler           |       |       |       |       |    28 |   120 |    55 |    95 |    88 ||   386
         Reflection        |       |       |       |       |     4 |    56 |    20 |    26 |    43 ||   149

Levels and vault maps discovered:
D:1:      sevenhm_arrival_forest_fort_large_2, layout_loops_ring, serial_shops,
          nicolae_shop_behind_doors, minmay_surrounded
D:2:      wander_river, layout_loops_cross, basic_altar, uniq_natasha
D:3:      layout_loops_cross, nzn_wu_jian_council_hall,
          kennysheep_generic_room_7, uniq_terence, uniq_sigmund
D:4:      layout_gridville, uniq_ijyb
D:5:      layout_cave_pools, uniq_eustachio
D:6:      layout_basic, amcnicky_altar_gilded, mainiacjoe_overflow_alcove_4,
          uniq_duvessa
D:7:      layout_loops_corners, minmay_temple_entry_poolview
D:8:      layout_basic, enter_ossuary_5, chequers_garden, minmay_circle_x
D:9:      layout_irregular_city, mainiacjoe_overflow_alcove_2, lair_entry_dummy,
          uniq_joseph
D:10:     layout_gridville, mainiacjoe_overflow_tiny_flanked,
          ploomutoo_gammafunk_ghost_potion_laboratory, minmay_fractal_squares_5
D:11:     layout_basic, david_orc_3
D:12:     layout_roguey
D:13:     layout_small_grid, hellmonk_vaults_order_and_chaos, serial_shops,
          nicolae_shop_scrapyard
D:14:     minmay_the_grid_plus_closed [minmay_the_grid_garden,
          minmay_the_grid_tri_star, minmay_the_grid_minigrid_small_alt,
          minmay_the_grid_minigrid_large, minmay_the_grid_prize_trominoes],
          layout_loops_cross, kennysheep_cluttered_room, minmay_evil_grid
D:15:     grunt_enter_depths_hoard, layout_grid_maze, serial_shops, shop,
          minivault_14, nicolae_evil_shop
Temple:   minmay_temple_bridge_d
Lair:1:   layout_loops_ring
Lair:2:   layout_layer_cave, portal_ice_cave_entry_pillars_1, uniq_fannar
Lair:3:   layout_chaotic_city, mainiacjoe_swamp_entry_angry_trees,
          minmay_snake_entry_six_corridors, kilobyte_rumbling_trees,
          serial_bayou_shore_a
Lair:4:   layout_gridlike, uniq_snorg
Lair:5:   hangedman_lair_caniforms_friends, layout_concentric_octagons,
          hangedman_lair_tendril_chambers, minmay_slime_entry_eyes
Swamp:1:  layout_basic_swamp, hangedman_swamp_diagram
Swamp:2:  layout_basic_swamp, evilmike_swamp_ruin_house_1, swamp_pool_1_2,
          nicolae_swamp_decorative_isthmus
Swamp:3:  layout_basic_swamp, serial_swamp_ruin, evilmike_swamp_ruin_rubble_1,
          evilmike_swamp_ruin_house_5, swamp_pool_1_2, nicolae_swamp_no_escape,
          infiniplex_staircase_pool_2
Swamp:4:  swamp_old_school, layout_basic_swamp, swamp_pool_1_2
Snake:1:  layout_misc_corridors, serial_shops, shop
Snake:2:  gammafunk_the_bubble [the_bubble_gammafunk_split], layout_cave_town,
          uniq_roxanne
Snake:3:  layout_basic, serial_shops, nicolae_diamond_shop, nrook_loot_triangle
Snake:4:  snake_pit_salamanders_mu, layout_cave_town, serial_shops, shop
Orc:1:    layout_caves, basic_altar, serial_shops,
          nicolae_shop_just_a_little_nook, okawaru_metal_pillars_3
Orc:2:    st_orc_ogre_mass, layout_caves, basic_altar
Elf:1:    nicolae_elf_arrival_dilemma, layout_geoelf_octagon,
          hangedman_elven_crosses_minicolossus, dreamdust_princess_bridge
Elf:2:    elven_hall_of_blades_hangedman_original
          [nicolae_blade_entry_crossed_weapons], layout_geoelf_octagon,
          minivault_27, minmay_shop_grove, uniq_asterion, uniq_agnes
Elf:3:    minmay_elf_hall, layout_geoelf_diagonals, minmay_shop_star
Vaults:1: nicolae_vaults_trapezoid_layered, nicolae_vaults_stepped_doors,
          nicolae_vaults_closet_pinwheel_3, nicolae_vaults_closet_pinwheel_5,
          v_misc_28, vaults_room_semicircle, nicolae_vaults_wine_cellar,
          nicolae_vaults_three_branches, layout_vaults_big_room
Vaults:2: v_misc_29, hangedman_vaults_stagger, vaults_room_stairs_pillars,
          vaults_room_door_ring, vaults_mumra_hexcomb, nicolae_vaults_house_2,
          vaults_dpeg_diagonal, vaults_mumra_minichess_inversion, v_misc_25,
          layout_vaults_quadrants, uniq_saint_roka
Vaults:3: v_rooms_2, nicolae_vaults_weapon_check, hangedman_vaults_capsules,
          minmay_crypt_entry_simple_sparse, nicolae_vaults_arrows, v_misc_10,
          nicolae_vaults_windows_and_doors_thing, nicolae_vaults_cochlea,
          v_misc_14, layout_vaults_omnibox, serial_shops,
          nicolae_shop_statue_plus, uniq_margery, uniq_nikola
Vaults:4: hangedman_vaults_restitches, nicolae_vaults_layer_cake_slice,
          nicolae_vaults_asterisk, nicolae_vaults_diamond_2,
          nicolae_vaults_mini_display_case, v_pattern_5, v_misc_26,
          ontoclasm_vaults_ring_large, nicolae_vaults_wrenched,
          vaults_room_boxed, serial_library_hellmonk_reading_circle,
          st_quartered_hall, nicolae_vaults_circle_grid_a,
          nicolae_vaults_octothorpe, vaults_room_stairs_pillars,
          layout_vaults_maze
Vaults:5
Crypt:1:  layout_misc_corridors, grunt_crypt_arrival_split, grunt_megastairs_2
Crypt:2:  layout_regular_city, hellmonk_ghost_happy_afterlife, minivault_11
Crypt:3:  grunt_crypt_end_deaths_head
Depths:1: layout_basic, enter_ziggurat_f, serial_shops, shop, shop,
          nicolae_shop_stone, shop, hangedman_coc_ice_floe, chequers_jeans,
          pan_entry, serial_library, serial_library_hellmonk_big_corner,
          serial_library_hellmonk_u_bend, serial_library_regret_index_multi,
          serial_library_hellmonk_double_dead_end,
          serial_library_hellmonk_hallway_b
Depths:2: hourglass_vault, layout_cave_pools, grunt_pan_entry_sceptre,
          serial_shops, nicolae_shop_mannequins, minmay_misc_feat_cross,
          hell_entry, due_unseen_surprise, minmay_shoptagon,
          minmay_staircase_windowed_small
Depths:3: dreamdust_tengu_aerie, layout_cave_shapes, hell_entry,
          abyss_entry_crystal, minmay_alternating_orb, uniq_josephina
Depths:4: evilmike_zot_entry_round, layout_gridlike, grunt_hell_horde,
          grunt_megastairs_4, serial_bayou_shore_b
Zot:1:    lemuel_draconian_sentries, layout_basic, uniq_parghit
Zot:2:    kennysheep_bubbly, layout_misc_corridors,
          regret_index_zotdec_golden_two_three
Zot:3:    layout_gridlike, regret_index_zotdec_stipple_waver
Zot:4:    layout_cathedral_of_symmetry, regret_index_zotdec_icy_dp
Zot:5:    layout_gridlike, regret_index_zotdec_carving_tricks

Notes
Turn   | Place    | Note
-------+----------+-------------------------------------------
     0 | D:1      | Drazool the Djinni Alchemist began the quest for the Orb.
     0 | D:1      | Drazool set off with the following spells memorised: Sting,
                  | Mercury Vapours, Mephitic Cloud, Olgreb's Toxic Radiance,
                  | Sticky Flame.
     0 | D:1      | Reached XP level 1. HP: 15/15 MP: 0/0
   178 | D:1      | Reached XP level 2. HP: 18/21 MP: 0/0
   546 | D:1      | Reached XP level 3. HP: 24/25 MP: 0/0
   546 | D:1      | Learned a level 1 spell: Summon Small Mammal
   617 | D:1      | Found Lotedaw's Distillery.
   620 | D:1      | Bought a potion of heal wounds for 60 gold pieces
  1115 | D:2      | Reached skill level 4 in Spellcasting
  1115 | D:2      | Reached skill level 4 in Conjurations
  1115 | D:2      | Reached skill level 4 in Hexes
  1115 | D:2      | Reached skill level 4 in Summonings
  1115 | D:2      | Reached skill level 4 in Necromancy
  1115 | D:2      | Reached skill level 4 in Translocations
  1115 | D:2      | Reached skill level 4 in Fire Magic
  1115 | D:2      | Reached skill level 4 in Ice Magic
  1115 | D:2      | Reached skill level 4 in Air Magic
  1115 | D:2      | Reached skill level 4 in Earth Magic
  1115 | D:2      | Reached skill level 4 in Alchemy
  1184 | D:2      | Reached XP level 4. HP: 24/31 MP: 0/0
  1284 | D:2      | Found a basalt altar of Yredelemnul.
  1375 | D:2      | Noticed Natasha
  1383 | D:2      | Killed Natasha
  1402 | D:2      | Noticed Natasha
  1411 | D:2      | Killed Natasha
  1412 | D:2      | Reached XP level 5. HP: 20/35 MP: 0/0
  1412 | D:2      | Learned a level 2 spell: Momentum Strike
  2100 | D:3      | Found an ornate altar of the Wu Jian Council.
  2314 | D:3      | Noticed Terence
  2323 | D:3      | Killed Terence
  2324 | D:3      | Reached skill level 5 in Spellcasting
  2324 | D:3      | Reached skill level 5 in Conjurations
  2324 | D:3      | Reached skill level 5 in Hexes
  2324 | D:3      | Reached skill level 5 in Summonings
  2324 | D:3      | Reached skill level 5 in Necromancy
  2324 | D:3      | Reached skill level 5 in Translocations
  2324 | D:3      | Reached skill level 5 in Fire Magic
  2324 | D:3      | Reached skill level 5 in Ice Magic
  2324 | D:3      | Reached skill level 5 in Air Magic
  2324 | D:3      | Reached skill level 5 in Earth Magic
  2324 | D:3      | Reached skill level 5 in Alchemy
  2379 | D:3      | Noticed Sigmund
  2388 | D:3      | Killed Sigmund
  2389 | D:3      | Reached skill level 3 in Fighting
  2389 | D:3      | Reached XP level 6. HP: 37/46 MP: 0/0
  2492 | D:3      | Reached skill level 3 in Dodging
  2687 | D:4      | Noticed a black bear
  2707 | D:4      | Killed a black bear
  2708 | D:4      | Reached skill level 4 in Dodging
  2708 | D:4      | Reached XP level 7. HP: 34/50 MP: 0/0
  2708 | D:4      | Learned a level 3 spell: Confusing Touch
  3379 | D:4      | Noticed Ijyb
  3392 | D:4      | Killed Ijyb
  3651 | D:5      | Entered Level 5 of the Dungeon
  3777 | D:5      | Reached skill level 6 in Spellcasting
  3777 | D:5      | Reached skill level 6 in Conjurations
  3777 | D:5      | Reached skill level 6 in Hexes
  3777 | D:5      | Reached skill level 6 in Summonings
  3777 | D:5      | Reached skill level 6 in Necromancy
  3777 | D:5      | Reached skill level 6 in Translocations
  3777 | D:5      | Reached skill level 6 in Fire Magic
  3777 | D:5      | Reached skill level 6 in Ice Magic
  3777 | D:5      | Reached skill level 6 in Air Magic
  3777 | D:5      | Reached skill level 6 in Earth Magic
  3777 | D:5      | Reached skill level 6 in Alchemy
  3784 | D:5      | Reached XP level 8. HP: 32/56 MP: 0/0
  4316 | D:5      | Reached skill level 7 in Spellcasting
  4316 | D:5      | Reached skill level 7 in Conjurations
  4316 | D:5      | Reached skill level 7 in Hexes
  4316 | D:5      | Reached skill level 7 in Summonings
  4316 | D:5      | Reached skill level 7 in Necromancy
  4316 | D:5      | Reached skill level 7 in Translocations
  4316 | D:5      | Reached skill level 7 in Fire Magic
  4316 | D:5      | Reached skill level 7 in Ice Magic
  4316 | D:5      | Reached skill level 7 in Air Magic
  4316 | D:5      | Reached skill level 7 in Earth Magic
  4316 | D:5      | Reached skill level 7 in Alchemy
  4477 | D:5      | Noticed Eustachio
  4489 | D:5      | Paralysed by Eustachio for 2 turns
  4491 | D:5      | Killed Eustachio
  4588 | D:5      | Reached skill level 1 in Armour
  5122 | D:6      | Reached skill level 2 in Armour
  5283 | D:6      | Found a snail-covered altar of Cheibriados.
  5319 | D:6      | Reached XP level 9. HP: 56/60 MP: 0/0
  5319 | D:6      | Learned a level 4 spell: Passage of Golubria
  5334 | D:6      | Noticed Duvessa
  5338 | D:6      | Reached skill level 3 in Armour
  5346 | D:6      | Noticed Dowan
  5358 | D:6      | Killed Duvessa
  5368 | D:6      | Killed Dowan
  5377 | D:6      | Reached skill level 4 in Armour
  5479 | D:6      | Reached skill level 8 in Spellcasting
  5479 | D:6      | Reached skill level 8 in Conjurations
  5479 | D:6      | Reached skill level 8 in Hexes
  5479 | D:6      | Reached skill level 8 in Summonings
  5479 | D:6      | Reached skill level 8 in Necromancy
  5479 | D:6      | Reached skill level 8 in Translocations
  5479 | D:6      | Reached skill level 8 in Fire Magic
  5479 | D:6      | Reached skill level 8 in Ice Magic
  5479 | D:6      | Reached skill level 8 in Air Magic
  5479 | D:6      | Reached skill level 8 in Earth Magic
  5479 | D:6      | Reached skill level 8 in Alchemy
  5619 | D:6      | Found a basalt altar of Yredelemnul.
  5624 | D:6      | Identified the +1 ring mail of Slovenliness {^Contam rElec
                  | Will+ Str+3}
  6127 | D:7      | Found a staircase to the Ecumenical Temple.
  6199 | Temple   | Entered the Ecumenical Temple
  6218 | Temple   | Became a worshipper of Ashenzari the Shackled
  6271 | D:7      | Reached skill level 5 in Armour
  6969 | D:7      | Reached skill level 9 in Spellcasting
  6969 | D:7      | Reached skill level 9 in Conjurations
  6969 | D:7      | Reached skill level 9 in Hexes
  6969 | D:7      | Reached skill level 9 in Summonings
  6969 | D:7      | Reached skill level 9 in Necromancy
  6969 | D:7      | Reached skill level 9 in Translocations
  6969 | D:7      | Reached skill level 9 in Fire Magic
  6969 | D:7      | Reached skill level 9 in Ice Magic
  6969 | D:7      | Reached skill level 9 in Air Magic
  6969 | D:7      | Reached skill level 9 in Earth Magic
  6969 | D:7      | Reached skill level 9 in Alchemy
  7323 | D:8      | Reached XP level 10. HP: 50/67 MP: 0/0
  7476 | D:8      | Found a sand-covered staircase.
  7501 | Ossuary  | Entered an ossuary
  8357 | D:8      | Reached skill level 10 in Spellcasting
  8357 | D:8      | Reached skill level 10 in Conjurations
  8357 | D:8      | Reached skill level 10 in Hexes
  8357 | D:8      | Reached skill level 10 in Summonings
  8357 | D:8      | Reached skill level 10 in Necromancy
  8357 | D:8      | Reached skill level 10 in Translocations
  8357 | D:8      | Reached skill level 10 in Fire Magic
  8357 | D:8      | Reached skill level 10 in Ice Magic
  8357 | D:8      | Reached skill level 10 in Air Magic
  8357 | D:8      | Reached skill level 10 in Earth Magic
  8357 | D:8      | Reached skill level 10 in Alchemy
  8542 | D:8      | Identified the +2 scale mail of the Grand God {rElec rN+}
  9271 | D:9      | Noticed a two-headed ogre
  9295 | D:9      | Killed a two-headed ogre
  9296 | D:9      | Reached skill level 11 in Spellcasting
  9296 | D:9      | Reached skill level 11 in Conjurations
  9296 | D:9      | Reached skill level 11 in Hexes
  9296 | D:9      | Reached skill level 11 in Summonings
  9296 | D:9      | Reached skill level 11 in Necromancy
  9296 | D:9      | Reached skill level 11 in Translocations
  9296 | D:9      | Reached skill level 11 in Fire Magic
  9296 | D:9      | Reached skill level 11 in Ice Magic
  9296 | D:9      | Reached skill level 11 in Air Magic
  9296 | D:9      | Reached skill level 11 in Earth Magic
  9296 | D:9      | Reached skill level 11 in Alchemy
  9506 | D:9      | Reached * piety under Ashenzari
  9540 | D:9      | Noticed a two-headed ogre
  9540 | D:9      | Noticed Joseph
  9572 | D:9      | Killed Joseph
  9573 | D:9      | Reached skill level 4 in Fighting
  9573 | D:9      | Reached XP level 11. HP: 18/74 MP: 0/0
  9573 | D:9      | Learned a level 5 spell: Fireball
  9577 | D:9      | Killed a two-headed ogre
  9578 | D:9      | Reached skill level 5 in Fighting
 10005 | D:9      | Found a staircase to the Lair.
 10007 | D:9      | Reached ** piety under Ashenzari
 10015 | D:9      | Reached skill level 6 in Fighting
 10230 | D:9      | Found a bloodstained altar of Trog.
 10377 | D:9      | Reached skill level 7 in Fighting
 10380 | D:9      | Reached skill level 5 in Dodging
 10570 | D:10     | Entered Level 10 of the Dungeon
 10664 | D:10     | Reached skill level 6 in Dodging
 10731 | D:10     | Found a sacrificial altar of Ru.
 10964 | D:10     | Reached skill level 7 in Dodging
 11049 | D:10     | Identified a potion of resistance
 11081 | D:10     | Noticed a two-headed ogre
 11084 | D:10     | Killed a two-headed ogre
 11092 | D:10     | Noticed a two-headed ogre
 11095 | D:10     | Killed a two-headed ogre
 11096 | D:10     | Reached skill level 6 in Armour
 11306 | D:10     | Reached *** piety under Ashenzari
 11401 | D:10     | Reached skill level 7 in Armour
 11483 | D:10     | Found a runed translucent gate.
 11484 | D:10     | Found a runed translucent gate.
 11484 | D:10     | Found a runed translucent gate.
 11485 | D:10     | Noticed a red ugly thing
 11486 | D:10     | Noticed a cyan ugly thing
 11702 | D:11     | Noticed a two-headed ogre
 11709 | D:11     | Killed a two-headed ogre
 11710 | D:11     | Reached XP level 12. HP: 70/88 MP: 0/0
 11881 | D:11     | Identified the amulet of Huluularr {Faith -Tele Str-5 SInv
                  | Stlth+}
 11955 | D:11     | Reached skill level 12 in Spellcasting
 11955 | D:11     | Reached skill level 12 in Conjurations
 11955 | D:11     | Reached skill level 12 in Hexes
 11955 | D:11     | Reached skill level 12 in Summonings
 11955 | D:11     | Reached skill level 12 in Necromancy
 11955 | D:11     | Reached skill level 12 in Translocations
 11955 | D:11     | Reached skill level 12 in Fire Magic
 11955 | D:11     | Reached skill level 12 in Ice Magic
 11955 | D:11     | Reached skill level 12 in Air Magic
 11955 | D:11     | Reached skill level 12 in Earth Magic
 11955 | D:11     | Reached skill level 12 in Alchemy
 12289 | D:11     | Found a staircase to the Orcish Mines.
 12654 | D:11     | Reached **** piety under Ashenzari
 12937 | Lair:1   | Entered Level 1 of the Lair of Beasts
 13064 | Lair:1   | Reached skill level 8 in Fighting
 13434 | Lair:1   | Reached skill level 8 in Armour
 13991 | Lair:2   | Found a frozen archway.
 14006 | Lair:2   | Reached skill level 1 in Evocations
 14127 | IceCv    | Entered an ice cave
 14141 | IceCv    | Reached skill level 2 in Evocations
 14155 | IceCv    | Reached skill level 3 in Evocations
 14155 | IceCv    | HP: 3/91 [slime creature (16)]
 14158 | IceCv    | Reached XP level 13. HP: 23/96 MP: 0/0
 14158 | IceCv    | Learned a level 5 spell: Freezing Cloud
 14513 | IceCv    | Reached skill level 4 in Evocations
 14670 | IceCv    | Noticed a quicksilver ooze
 14673 | IceCv    | Killed a quicksilver ooze
 14723 | IceCv    | Reached skill level 5 in Evocations
 14819 | IceCv    | Noticed an azure jelly
 14821 | IceCv    | Noticed an azure jelly
 14823 | IceCv    | Killed an azure jelly
 14824 | IceCv    | Reached skill level 13 in Spellcasting
 14824 | IceCv    | Reached skill level 13 in Conjurations
 14824 | IceCv    | Reached skill level 13 in Hexes
 14824 | IceCv    | Reached skill level 13 in Summonings
 14824 | IceCv    | Reached skill level 13 in Necromancy
 14824 | IceCv    | Reached skill level 13 in Translocations
 14824 | IceCv    | Reached skill level 13 in Fire Magic
 14824 | IceCv    | Reached skill level 13 in Ice Magic
 14824 | IceCv    | Reached skill level 13 in Air Magic
 14824 | IceCv    | Reached skill level 13 in Earth Magic
 14824 | IceCv    | Reached skill level 13 in Alchemy
 14826 | IceCv    | Killed an azure jelly
 15004 | IceCv    | Found a viscous altar of Jiyva.
 15013 | IceCv    | Identified the ring "Boentil" {Str+3 Dex+6}
 15013 | IceCv    | Identified the ring of Cowardice {rC+ Dex+9}
 15234 | Lair:2   | Reached ***** piety under Ashenzari
 15391 | Lair:2   | Reached skill level 1 in Shields
 15392 | Lair:2   | Noticed Fannar
 15396 | Lair:2   | Killed Fannar
 15471 | Lair:2   | Reached skill level 2 in Shields
 15764 | Lair:2   | Noticed a catoblepas
 15771 | Lair:2   | Killed a catoblepas
 15772 | Lair:2   | Reached skill level 3 in Shields
 16717 | Lair:3   | Reached skill level 4 in Shields
 17088 | Lair:3   | Reached skill level 5 in Shields
 17129 | Lair:3   | Found a staircase to the Swamp.
 17527 | Lair:3   | Reached XP level 14. HP: 86/103 MP: 0/0
 17557 | Lair:3   | Reached skill level 6 in Shields
 17778 | Lair:3   | Found a staircase to the Snake Pit.
 17919 | Lair:3   | Identified the +6 chain mail of Repulsion {Dex+3}
 18303 | Lair:4   | Noticed Snorg
 18307 | Lair:4   | Killed Snorg
 18308 | Lair:4   | Reached skill level 7 in Shields
 18762 | Lair:4   | Reached skill level 14 in Spellcasting
 18762 | Lair:4   | Reached skill level 14 in Conjurations
 18762 | Lair:4   | Reached skill level 14 in Hexes
 18762 | Lair:4   | Reached skill level 14 in Summonings
 18762 | Lair:4   | Reached skill level 14 in Necromancy
 18762 | Lair:4   | Reached skill level 14 in Translocations
 18762 | Lair:4   | Reached skill level 14 in Fire Magic
 18762 | Lair:4   | Reached skill level 14 in Ice Magic
 18762 | Lair:4   | Reached skill level 14 in Air Magic
 18762 | Lair:4   | Reached skill level 14 in Earth Magic
 18762 | Lair:4   | Reached skill level 14 in Alchemy
 19141 | Lair:5   | Entered Level 5 of the Lair of Beasts
 19735 | Lair:5   | Identified the +5 arbalest "Xagh" {flame, ^Contam Will++
                  | Dex+5}
 19773 | Lair:5   | Identified a scroll of acquirement
 19907 | Lair:5   | Acquired the +3 warlock's mirror {omnireflect}
 19907 | Lair:5   | Found the +3 warlock's mirror {omnireflect}
 19967 | Lair:5   | Reached skill level 15 in Spellcasting
 19967 | Lair:5   | Reached skill level 15 in Conjurations
 19967 | Lair:5   | Reached skill level 15 in Hexes
 19967 | Lair:5   | Reached skill level 15 in Summonings
 19967 | Lair:5   | Reached skill level 15 in Necromancy
 19967 | Lair:5   | Reached skill level 15 in Translocations
 19967 | Lair:5   | Reached skill level 15 in Fire Magic
 19967 | Lair:5   | Reached skill level 15 in Ice Magic
 19967 | Lair:5   | Reached skill level 15 in Air Magic
 19967 | Lair:5   | Reached skill level 15 in Earth Magic
 19967 | Lair:5   | Reached skill level 15 in Alchemy
 20785 | Lair:5   | Found a staircase to the Slime Pits.
 20980 | Lair:5   | Reached XP level 15. HP: 99/107 MP: 0/0
 20980 | Lair:5   | Learned a level 6 spell: Death Channel
 21484 | Lair:5   | HP: 9/107 [polar bear (18)]
 21772 | Lair:5   | Reached skill level 16 in Spellcasting
 21772 | Lair:5   | Reached skill level 16 in Conjurations
 21772 | Lair:5   | Reached skill level 16 in Hexes
 21772 | Lair:5   | Reached skill level 16 in Summonings
 21772 | Lair:5   | Reached skill level 16 in Necromancy
 21772 | Lair:5   | Reached skill level 16 in Translocations
 21772 | Lair:5   | Reached skill level 16 in Fire Magic
 21772 | Lair:5   | Reached skill level 16 in Ice Magic
 21772 | Lair:5   | Reached skill level 16 in Air Magic
 21772 | Lair:5   | Reached skill level 16 in Earth Magic
 21772 | Lair:5   | Reached skill level 16 in Alchemy
 21954 | Lair:5   | Identified the maw talisman of Reneusa {Dex+2}
 23152 | Orc:1    | Entered Level 1 of the Orcish Mines
 23276 | Orc:1    | Found an iron altar of Okawaru.
 23521 | Orc:1    | Found Perang's General Store.
 23790 | Orc:2    | Entered Level 2 of the Orcish Mines
 24272 | Orc:2    | Reached skill level 17 in Spellcasting
 24272 | Orc:2    | Reached skill level 17 in Conjurations
 24272 | Orc:2    | Reached skill level 17 in Hexes
 24272 | Orc:2    | Reached skill level 17 in Summonings
 24272 | Orc:2    | Reached skill level 17 in Necromancy
 24272 | Orc:2    | Reached skill level 17 in Translocations
 24272 | Orc:2    | Reached skill level 17 in Fire Magic
 24272 | Orc:2    | Reached skill level 17 in Ice Magic
 24272 | Orc:2    | Reached skill level 17 in Air Magic
 24272 | Orc:2    | Reached skill level 17 in Earth Magic
 24272 | Orc:2    | Reached skill level 17 in Alchemy
 24285 | Orc:2    | Paralysed by an ogre mage for 4 turns
 24432 | Orc:2    | Paralysed by an ogre mage for 5 turns
 24549 | Orc:1    | HP: 11/112 [two-headed ogre/+0 giant club (16)]
 25050 | Orc:2    | Reached skill level 9 in Fighting
 25514 | Orc:2    | Reached skill level 10 in Fighting
 25545 | Orc:2    | Reached XP level 16. HP: 70/121 MP: 0/0
 25816 | Orc:2    | Found a staircase to the Elven Halls.
 25895 | Orc:2    | Found Jouduv's Assorted Antiques.
 25895 | Orc:2    | Found Abbaizicvorgh's Armour Boutique.
 25896 | Orc:2    | Found Bearis's Jewellery Boutique.
 25896 | Orc:2    | Found Rosy's Antique Armour Emporium.
 25903 | Orc:2    | Bought a smoky pink potion for 27 gold pieces
 25903 | Orc:2    | Bought a coppery potion for 27 gold pieces
 25903 | Orc:2    | Bought a blue potion for 27 gold pieces
 25906 | Orc:2    | Bought the ring of Satisfaction {rElec rF+ rC+ Will+} for
                  | 670 gold pieces
 25925 | Orc:2    | Bought a pair of glimmering gloves for 323 gold pieces
 25925 | Orc:2    | Identified the +3 pair of gloves of the Orcish Mines
                  | {*Corrode rElec rN+ Will+++} (You bought it in a shop on
                  | level 2 of the Orcish Mines)
 26924 | D:12     | Reached skill level 11 in Fighting
 27815 | D:13     | Found a gate to the Vaults.
 27819 | D:13     | Identified a +0 kite shield of resistance
 27828 | D:13     | Reached skill level 12 in Fighting
 28060 | D:13     | Found Fesup's Armour Boutique.
 28386 | D:14     | Noticed a deep elf sorcerer
 28479 | D:14     | Killed a deep elf sorcerer
 28753 | D:14     | Reached skill level 6 in Evocations
 29049 | D:14     | Reached skill level 8 in Dodging
 29277 | D:14     | Identified the staff "Inkiam" {rElec Will+ Air}
 29367 | D:14     | Reached skill level 7 in Evocations
 29770 | D:14     | Reached skill level 9 in Dodging
 29771 | D:14     | Reached XP level 17. HP: 110/131 MP: 0/0
 29771 | D:14     | Learned a level 6 spell: Sculpt Simulacrum
 30201 | D:15     | Entered Level 15 of the Dungeon
 30325 | D:15     | Reached skill level 10 in Dodging
 30327 | D:15     | Reached skill level 8 in Evocations
 30397 | D:15     | Found Seuw's Wicked Wares.
 30505 | D:15     | Found Ipenoz's Distillery.
 30513 | D:15     | Bought a potion of heal wounds for 85 gold pieces
 30513 | D:15     | Bought a potion of heal wounds for 85 gold pieces
 30513 | D:15     | Bought a potion of heal wounds for 85 gold pieces
 30565 | D:15     | Found a staircase to the Depths.
 31225 | Snake:1  | Entered Level 1 of the Snake Pit
 31448 | Snake:1  | Reached skill level 9 in Armour
 31512 | Snake:1  | Identified the +9 rapier "Uttutwu" {flame, Dex+2}
 31655 | Snake:1  | Reached skill level 11 in Dodging
 31905 | Snake:1  | Found Caugieme's Distillery.
 32198 | Snake:2  | Found a transporter.
 32200 | Snake:2  | Found a transporter.
 32298 | Snake:2  | Reached skill level 12 in Dodging
 32538 | Snake:2  | Noticed Roxanne
 33109 | Snake:3  | Reached XP level 18. HP: 107/139 MP: 0/0
 33683 | Snake:3  | Found Hig Peh's Magic Scroll Shoppe.
 33694 | Snake:3  | Reached skill level 18 in Spellcasting
 33694 | Snake:3  | Reached skill level 18 in Conjurations
 33694 | Snake:3  | Reached skill level 18 in Hexes
 33694 | Snake:3  | Reached skill level 18 in Summonings
 33694 | Snake:3  | Reached skill level 18 in Necromancy
 33694 | Snake:3  | Reached skill level 18 in Translocations
 33694 | Snake:3  | Reached skill level 18 in Fire Magic
 33694 | Snake:3  | Reached skill level 18 in Ice Magic
 33694 | Snake:3  | Reached skill level 18 in Air Magic
 33694 | Snake:3  | Reached skill level 18 in Earth Magic
 33694 | Snake:3  | Reached skill level 18 in Alchemy
 34046 | Snake:4  | Entered Level 4 of the Snake Pit
 34664 | Snake:4  | Found Xonakhlo's General Store.
 35305 | Snake:4  | Reached skill level 19 in Spellcasting
 35305 | Snake:4  | Reached skill level 19 in Conjurations
 35305 | Snake:4  | Reached skill level 19 in Hexes
 35305 | Snake:4  | Reached skill level 19 in Summonings
 35305 | Snake:4  | Reached skill level 19 in Necromancy
 35305 | Snake:4  | Reached skill level 19 in Translocations
 35305 | Snake:4  | Reached skill level 19 in Fire Magic
 35305 | Snake:4  | Reached skill level 19 in Ice Magic
 35305 | Snake:4  | Reached skill level 19 in Air Magic
 35305 | Snake:4  | Reached skill level 19 in Earth Magic
 35305 | Snake:4  | Reached skill level 19 in Alchemy
 35484 | Snake:4  | Reached XP level 19. HP: 137/145 MP: 0/0
 35484 | Snake:4  | Learned a level 6 spell: Plasma Beam
 35877 | Snake:4  | Got a serpentine rune of Zot
 36097 | Swamp:1  | Entered Level 1 of the Swamp
 36935 | Swamp:2  | Reached skill level 20 in Spellcasting
 36935 | Swamp:2  | Reached skill level 20 in Conjurations
 36935 | Swamp:2  | Reached skill level 20 in Hexes
 36935 | Swamp:2  | Reached skill level 20 in Summonings
 36935 | Swamp:2  | Reached skill level 20 in Necromancy
 36935 | Swamp:2  | Reached skill level 20 in Translocations
 36935 | Swamp:2  | Reached skill level 20 in Fire Magic
 36935 | Swamp:2  | Reached skill level 20 in Ice Magic
 36935 | Swamp:2  | Reached skill level 20 in Air Magic
 36935 | Swamp:2  | Reached skill level 20 in Earth Magic
 36935 | Swamp:2  | Reached skill level 20 in Alchemy
 38096 | Swamp:4  | Entered Level 4 of the Swamp
 38138 | Swamp:4  | Noticed a tentacled monstrosity
 38147 | Swamp:4  | Killed a tentacled monstrosity
 38333 | Swamp:4  | Reached XP level 20. HP: 146/151 MP: 0/0
 38567 | Swamp:4  | Noticed the 27-headed Lernaean hydra
 38569 | Swamp:4  | Reached skill level 21 in Spellcasting
 38569 | Swamp:4  | Reached skill level 21 in Conjurations
 38569 | Swamp:4  | Reached skill level 21 in Hexes
 38569 | Swamp:4  | Reached skill level 21 in Summonings
 38569 | Swamp:4  | Reached skill level 21 in Necromancy
 38569 | Swamp:4  | Reached skill level 21 in Translocations
 38569 | Swamp:4  | Reached skill level 21 in Fire Magic
 38569 | Swamp:4  | Reached skill level 21 in Ice Magic
 38569 | Swamp:4  | Reached skill level 21 in Air Magic
 38569 | Swamp:4  | Reached skill level 21 in Earth Magic
 38569 | Swamp:4  | Reached skill level 21 in Alchemy
 38570 | Swamp:4  | Killed the 27-headed Lernaean hydra
 38750 | Swamp:4  | Got a decaying rune of Zot
 39254 | Vaults:1 | Entered Level 1 of the Vaults
 39344 | Vaults:1 | Reached skill level 13 in Fighting
 39740 | Vaults:1 | Reached skill level 14 in Fighting
 40043 | Vaults:1 | Reached skill level 15 in Fighting
 40544 | Vaults:1 | Identified the ring of the Hugging Gods {rElec rN+ Dex+5
                  | Slay-4}
 40806 | Vaults:2 | Noticed Saint Roka
 40822 | Vaults:1 | Killed Saint Roka
 40970 | Vaults:2 | Reached skill level 16 in Fighting
 40970 | Vaults:2 | Reached XP level 21. HP: 150/166 MP: 0/0
 40970 | Vaults:2 | Learned a level 7 spell: Haunt
 41761 | Vaults:2 | Reached skill level 17 in Fighting
 41845 | Vaults:2 | Reached skill level 10 in Armour
 42458 | Vaults:3 | Reached skill level 11 in Armour
 42466 | Vaults:3 | Noticed Nikola
 42941 | Vaults:3 | Killed Nikola
 43054 | Vaults:3 | Reached skill level 13 in Dodging
 43105 | Vaults:3 | Upgraded the game from 0.31-a0-1338-gb567cfdca4 to
                  | 0.31-a0-1499-ge0622b2318
 43108 | Vaults:3 | Noticed Margery
 43125 | Vaults:3 | Killed Margery
 43310 | Vaults:3 | Reached skill level 14 in Dodging
 43577 | Vaults:3 | Found Onareewkoh's Distillery.
 43586 | Vaults:3 | Bought a potion of heal wounds for 70 gold pieces
 43586 | Vaults:3 | Bought a potion of heal wounds for 70 gold pieces
 43601 | Vaults:3 | Found a staircase to the Crypt.
 43606 | Vaults:3 | Noticed a curse skull
 43891 | Vaults:3 | Reached XP level 22. HP: 174/175 MP: 0/0
 44268 | Vaults:3 | Acquired 771 gold pieces
 45448 | Vaults:4 | Reached skill level 18 in Fighting
 45580 | Vaults:4 | Noticed an ancient lich
 45587 | Vaults:4 | Killed an ancient lich
 46503 | Depths:1 | Entered Level 1 of the Depths
 46626 | Depths:1 | Reached skill level 22 in Spellcasting
 46626 | Depths:1 | Reached skill level 22 in Conjurations
 46626 | Depths:1 | Reached skill level 22 in Hexes
 46626 | Depths:1 | Reached skill level 22 in Summonings
 46626 | Depths:1 | Reached skill level 22 in Necromancy
 46626 | Depths:1 | Reached skill level 22 in Translocations
 46626 | Depths:1 | Reached skill level 22 in Fire Magic
 46626 | Depths:1 | Reached skill level 22 in Ice Magic
 46626 | Depths:1 | Reached skill level 22 in Air Magic
 46626 | Depths:1 | Reached skill level 22 in Earth Magic
 46626 | Depths:1 | Reached skill level 22 in Alchemy
 46802 | Depths:1 | Reached XP level 23. HP: 181/185 MP: 0/0
 46802 | Depths:1 | Learned a level 7 spell: Monstrous Menagerie
 46805 | Depths:1 | Found a gateway to Hell.
 46829 | Depths:1 | Found a one-way gate leading to the halls of Pandemonium.
 46833 | Depths:1 | Found Joqecun's Weapon Boutique.
 46993 | Depths:1 | Found Cuotar's Antique Armour Shop.
 47133 | Depths:1 | Found Velikhlenn's Magic Scroll Shoppe.
 47139 | Depths:1 | Bought a scroll of acquirement for 728 gold pieces
 47139 | Depths:1 | Bought a scroll of blinking for 105 gold pieces
 47142 | Depths:1 | Found a one-way gateway to a ziggurat.
 47202 | Depths:1 | Found Cehe's Antique Armour Shop.
 47206 | Depths:1 | Bought a scorched scale mail for 396 gold pieces
 47206 | Depths:1 | Identified the +2 scale mail of Dim Light {rC+ Will+ Int+3
                  | Dex+2} (You bought it in a shop on level 1 of the Depths)
 47283 | Depths:1 | Reached skill level 19 in Fighting
 47521 | Depths:2 | Found Zykickid's Antique Armour Shop.
 47523 | Depths:2 | Found Yneor's Book Boutique.
 47540 | Depths:2 | Reached ****** piety under Ashenzari
 47886 | Depths:2 | Identified the +0 spear "Rifasual" {freeze, rPois}
 47926 | Depths:2 | Noticed a caustic shrike
 47974 | Depths:2 | Killed a caustic shrike
 48100 | Depths:2 | Bought an embroidered cloak for 195 gold pieces
 48610 | Depths:2 | Found Jillaorph's Weapon Shoppe.
 48813 | Depths:3 | Identified the +4 great sword of Noon {freeze, Fly rCorr
                  | Str+3}
 49152 | Depths:3 | Identified the ring "Hogrog" {Ice rElec Will++ Str+3
                  | Stlth-}
 49152 | Depths:3 | Noticed Josephina
 49169 | Depths:3 | Killed Josephina
 49458 | Depths:3 | Reached skill level 20 in Fighting
 49899 | Depths:3 | Found a one-way gate to the infinite horrors of the Abyss.
 49958 | Depths:3 | Identified the +2 helmet "Jaypom" {Str+2 Int+4 Dex-4}
 50195 | Depths:4 | Entered Level 4 of the Depths
 50198 | Depths:4 | Noticed a juggernaut
 50221 | Depths:4 | Killed a juggernaut
 50334 | Depths:4 | Reached XP level 24. HP: 192/201 MP: 0/0
 50388 | Depths:4 | Noticed a golden dragon
 50388 | Depths:4 | Noticed a golden dragon
 50413 | Depths:4 | Killed a golden dragon
 50498 | Depths:4 | Killed a golden dragon
 50507 | Depths:4 | Found a gate to the Realm of Zot.
 50567 | Depths:4 | Reached skill level 21 in Fighting
 51046 | Depths:4 | Upgraded the game from 0.31-a0-1499-ge0622b2318 to
                  | 0.31-a0-1549-g5ff9445e89
 51847 | Elf:1    | Entered Level 1 of the Elven Halls
 51847 | Elf:1    | Found a runed translucent gate.
 51847 | Elf:1    | Found a runed translucent gate.
 51847 | Elf:1    | Found a runed translucent gate.
 51847 | Elf:1    | Found a runed translucent gate.
 51847 | Elf:1    | Found a runed translucent gate.
 51847 | Elf:1    | Found a runed translucent gate.
 51852 | Elf:1    | Found a runed translucent door.
 51860 | Elf:1    | Found a runed translucent door.
 52173 | Elf:1    | Paralysed by an air elemental for 1 turns
 52259 | Elf:1    | Reached skill level 1 in Staves
 52365 | Elf:1    | Identified the +0 leather armour "Yzxer" {Dex+3}
 52471 | Elf:1    | Reached skill level 2 in Staves
 52711 | Elf:1    | Reached skill level 3 in Staves
 53183 | Elf:2    | Found Jufah's Jewellery Shop.
 53183 | Elf:2    | Found Aschy Arghokk's Book Emporium.
 53188 | Elf:2    | Reached skill level 4 in Staves
 53198 | Elf:2    | Found Ygog's Jewellery Shop.
 53209 | Elf:2    | Bought the amulet "Exkef" {Will+ Regen+} for 724 gold
                  | pieces
 53595 | Elf:2    | Reached skill level 5 in Staves
 53620 | Elf:2    | Found a runed translucent gate.
 53620 | Elf:2    | Found a runed translucent gate.
 53621 | Elf:2    | Found a runed translucent gate.
 53756 | Elf:3    | Entered Level 3 of the Elven Halls
 53819 | Elf:3    | Found Zaurri Inwarr's General Store.
 53821 | Elf:3    | Found Ciqoe's Antique Weapon Boutique.
 53824 | Elf:3    | Found Cuata's Magic Scroll Shop.
 53835 | Elf:3    | Bought a scroll of blinking for 90 gold pieces
 53835 | Elf:3    | Bought a scroll of blinking for 90 gold pieces
 53835 | Elf:3    | Bought a scroll of revelation for 90 gold pieces
 53995 | Elf:3    | Reached skill level 6 in Staves
 54107 | Elf:3    | Reached skill level 7 in Staves
 54351 | Elf:3    | Reached skill level 8 in Staves
 54362 | Elf:3    | Reached XP level 25. HP: 172/211 MP: 0/0
 54362 | Elf:3    | Learned a level 8 spell: Disjunction
 54562 | Elf:3    | Reached skill level 9 in Staves
 54577 | Elf:3    | Identified the +5 rapier "Noyg" {protect, rPois Str+6
                  | Int+4}
 54587 | Elf:3    | Identified the amulet of Sinaty {Regen+ Dex+4}
 54591 | Elf:3    | Reached skill level 22 in Fighting
 54608 | Elf:3    | Identified the +8 long sword of Banan {antimagic, Str+4
                  | Stlth-}
 54648 | Elf:3    | Identified Finuwkama's Lectures on Poisonous Ensorcelling
 54649 | Elf:3    | Acquired 1000 gold pieces
 54651 | Elf:3    | Identified Deosuac's Vellum of the Collective Fault
 54651 | Elf:3    | Identified the staff of the Unliving {rF+ rC+ Fire}
 54657 | Elf:3    | Identified the +1 robe of the Depths {rC+}
 54686 | Elf:3    | Identified Dispater's Collected Works on Iron Bombardment
 54750 | Elf:3    | Identified the -2 pair of boots of the Present {rElec Will+
                  | Stlth-}
 55200 | Vaults:5 | Entered Level 5 of the Vaults
 55502 | Vaults:5 | Noticed a dread lich
 55510 | Vaults:5 | Killed a dread lich
 55688 | Vaults:5 | Reached skill level 15 in Dodging
 55933 | Vaults:5 | Identified the +4 great mace "Tefigidi" {drain, rF+ MP+9
                  | Str+3}
 56000 | Vaults:5 | Reached skill level 16 in Dodging
 56020 | Vaults:5 | Identified the +7 long sword "Iraharr" {flame, rC+ MP+9
                  | Int-3}
 56427 | Vaults:5 | Acquired 1355 gold pieces
 56525 | Vaults:5 | Identified the Volume of the Wayfarer and Zombies
 56706 | Vaults:5 | Identified the storm talisman of Vioria Bore {rCorr Dex-2
                  | Slay+2}
 56720 | Vaults:5 | Reached skill level 17 in Dodging
 56869 | Vaults:5 | Got a silver rune of Zot
 57097 | Vaults:3 | Killed a curse skull
 57204 | Crypt:1  | Entered Level 1 of the Crypt
 57256 | Crypt:1  | Reached XP level 26. HP: 151/221 MP: 0/0
 57443 | Crypt:1  | Noticed a curse skull
 57447 | Crypt:1  | Killed a curse skull
 57605 | Crypt:1  | Reached skill level 18 in Dodging
 58302 | Crypt:2  | Found a runed translucent door.
 58307 | Crypt:2  | Noticed Goociwk's ghost (adept GrFi)
 58321 | Crypt:2  | Noticed a curse skull
 58599 | Crypt:2  | Killed a curse skull
 58620 | Crypt:2  | Reached skill level 19 in Dodging
 59595 | D:10     | Found a runed translucent gate.
 59595 | D:10     | Found a runed translucent gate.
 59597 | D:10     | Found a runed translucent gate.
 59603 | D:10     | Noticed MysticSailboat's ghost (journeyman MfGl)
 59695 | D:10     | Killed MysticSailboat's ghost
 60314 | Crypt:3  | Entered Level 3 of the Crypt
 60634 | Crypt:3  | Reached skill level 20 in Dodging
 60846 | Crypt:3  | Found a basalt altar of Yredelemnul.
 61245 | Crypt:3  | Identified the Incunable of the Unholy Commander
 61309 | Crypt:3  | Noticed an ancient lich
 61318 | Crypt:3  | Killed an ancient lich
 61319 | Crypt:3  | Reached skill level 21 in Dodging
 61355 | Crypt:3  | Found a staircase to the Tomb.
 61358 | Crypt:3  | Identified the +9 flail "Lano" {holy, rF+ rC- Str+3}
 61429 | Crypt:3  | Reached skill level 12 in Armour
 61530 | Crypt:3  | Identified the ring of Yschex Jehurr {rPois Will+ rCorr
                  | Int-5 Dex+3}
 61987 | Zot:1    | Entered Level 1 of the Realm of Zot
 62764 | Zot:1    | Reached skill level 13 in Armour
 63160 | Zot:1    | Reached XP level 27. HP: 136/204 MP: 0/0
 63160 | Zot:1    | Learned a level 9 spell: Dragon's Call
 63614 | Zot:1    | Reached skill level 14 in Armour
 63625 | Zot:1    | Noticed a curse toe
 63627 | Zot:1    | Noticed Parghit
 63631 | Zot:1    | Killed a curse toe
 64052 | Zot:1    | Killed Parghit
 64696 | Zot:2    | Reached skill level 15 in Armour
 64884 | Zot:2    | Found a basalt altar of Yredelemnul.
 64922 | Zot:2    | Noticed an electric golem
 64931 | Zot:2    | Reached skill level 16 in Armour
 64957 | Zot:2    | Killed an electric golem
 65930 | Zot:3    | Reached skill level 17 in Armour
 66753 | Zot:4    | Reached skill level 8 in Shields
 67110 | Zot:4    | Reached skill level 18 in Armour
 67867 | Zot:5    | Entered Level 5 of the Realm of Zot
 68023 | Zot:5    | Noticed a curse toe
 68031 | Zot:5    | Killed a curse toe
 68032 | Zot:5    | Reached skill level 9 in Shields
 68462 | Zot:5    | Noticed an orb of fire
 68476 | Zot:5    | Killed an orb of fire
 68574 | Zot:5    | Noticed a Killer Klown
 68584 | Zot:5    | Killed a Killer Klown
 68708 | Zot:5    | Noticed a dread lich
 68717 | Zot:5    | Killed a dread lich
 68783 | Zot:5    | Noticed a curse toe
 68797 | Zot:5    | Killed a curse toe
 68923 | Zot:5    | Noticed a dread lich
 68925 | Zot:5    | Killed a dread lich
 68926 | Zot:5    | Reached skill level 10 in Shields
 68981 | Zot:5    | Noticed a Killer Klown
 69005 | Zot:5    | Killed a Killer Klown
 69074 | Zot:5    | Noticed an ancient lich
 69079 | Zot:5    | Killed an ancient lich
 69080 | Zot:5    | Reached skill level 22 in Dodging
 69085 | Zot:5    | Noticed an electric golem
 69198 | Zot:5    | Killed an electric golem
 69252 | Zot:5    | Noticed an orb of fire
 69259 | Zot:5    | Noticed a curse toe
 69262 | Zot:5    | Killed a curse toe
 69266 | Zot:5    | Noticed an orb of fire
 69282 | Zot:5    | Killed an orb of fire
 69285 | Zot:5    | Killed an orb of fire
 69438 | Zot:5    | Reached skill level 19 in Armour
 69523 | Zot:5    | Reached skill level 11 in Shields
 69559 | Zot:5    | Noticed an orb of fire
 69568 | Zot:5    | Killed an orb of fire
 69570 | Zot:5    | Noticed an electric golem
 69572 | Zot:5    | Killed an electric golem
 69575 | Zot:5    | Noticed a Killer Klown
 69597 | Zot:5    | Killed a Killer Klown
 69639 | Zot:5    | Noticed an orb of fire
 69653 | Zot:5    | Killed an orb of fire
 69657 | Zot:5    | Noticed an orb of fire
 69659 | Zot:5    | Noticed an orb of fire
 69674 | Zot:5    | Killed an orb of fire
 69685 | Zot:5    | Killed an orb of fire
 69741 | Zot:5    | Got the Orb of Zot
 69820 | Zot:5    | Noticed Abbeac the pandemonium lord
 69848 | Zot:3    | Reached skill level 12 in Shields
 69958 | Depths:4 | Noticed Ischebb the pandemonium lord
 70158 | D:11     | Reached skill level 23 in Dodging
 70463 | D:$      | Escaped with the Orb!

Vanquished Creatures
  An ancient lich (Crypt:3)
  A dread lich (Zot:5)
  the Lernaean hydra (Swamp:4)
  Parghit (Zot:1)
  Saint Roka (Vaults:1)
  A profane servitor (Crypt:3)
  A bone dragon (Crypt:3)
  2 tentacled monstrosities
  2 hellephants (Depths:4)
  10 Orb Guardians
  An Ice Fiend (Zot:5)
  4 liches
  3 quicksilver dragons
  2 deep elf master archers (Elf:3)
  2 titans (Vaults:5)
  4 deep elf blademasters (Elf:3)
  2 death cobs
  An Executioner (Zot:1)
  A tengu reaver (Vaults:4)
  An ancient champion (Crypt:2)
  3 storm dragons
  5 thorn hunters
  A shadow dragon (Depths:4)
  2 azure jellies (IceCv)
  3 revenants
  7 deep elf sorcerers
  5 nagarajas
  An iron dragon (Vaults:5)
  5 draconian shifters
  A draconian scorcher (Zot:1)
  9 vault wardens
  A balrug (Depths:3)
  2 frost giants
  3 curse skulls
  3 deep elf elementalists (Elf:3)
  9 ghouls
  An orc warlord (Vaults:4)
  2 reapers
  10 ironbound preservers
  6 ironbound thunderhulks
  5 draconian stormcallers
  4 very ugly things (Depths:4)
  A quicksilver ooze (IceCv)
  4 stone giants
  5 vampire knights
  2 green draconians
  10 deep elf annihilators
  7 eleionomae
  5 dire elephants
  3 deep elf demonologists
  A black draconian (Zot:2)
  A white draconian (Zot:4)
  4 deep elf death magi
  A purple draconian (Zot:1)
  4 bunyips
  A red draconian (Zot:5)
  An eidolon (Crypt:2)
  2 blizzard demons
  4 spark wasps (Depths:3)
  7 ettins
  A fire dragon (Depths:3)
  Snorg (Lair:4)
  A shambling mangrove (Swamp:2)
  An entropy weaver (shapeshifter) (D:10)
  12 jiangshi
  A spriggan zombie (Crypt:1)
  Fannar (Lair:2)
  17 yaktaur captains
  4 deep elf high priests
  A rakshasa (D:14)
  29 vault guards
  4 salamander tyrants (Snake:4)
  3 great orbs of eyes
  A quicksilver dragon skeleton (Crypt:1)
  6 ogre magi
  8 alligators
  2 catoblepae
  A juggernaut simulacrum (Depths:2)
  5 ice dragons
  7 ghost crabs
  6 ironbound frosthearts
  9 centaur warriors
  16 hydras
  7 boulder beetles
  4 death knights
  7 anacondas
  21 two-headed ogres
  3 tengu warriors (D:13)
  7 hell hogs
  A spriggan skeleton (Crypt:2)
  An orc high priest (Orc:2)
  A deep troll earth mage (Depths:4)
  13 naga warriors
  2 spriggan berserkers
  A vampire mage (Crypt:2)
  16 naga sharpshooters
  2 soul eaters
  2 hell knights (Depths:1)
  15 shock serpents
  9 deep elf knights
  An iron troll (Depths:1)
  A spectral bunyip (Crypt:3)
  2 skysharks
  19 skeletal warriors
  A sixfirhy (D:8)
  3 shadow wraiths
  A fire crab (D:14)
  8 salamander mystics
  4 goliath frogs
  7 flayed ghosts
  A golden dragon zombie (Crypt:2)
  7 naga ritualists
  An orb spider (shapeshifter) (Vaults:5)
  2 sun moths (shapeshifter)
  4 spriggan druids
  6 deep elf archers
  4 lindwurms
  33 deep trolls
  3 glowing orange brains
  A deep troll (shapeshifter) (Elf:1)
  7 bog bodies
  23 ironbound convokers
  13 swamp dragons
  2 large abominations (Crypt:3)
  7 necromancers
  4 arcanists
  12 phantasmal warriors
  4 harpies
  9 orc knights
  A harpy (shapeshifter) (Elf:2)
  3 wolf spiders
  12 deep elf pyromancers
  24 deep elf zephyrmancers
  2 sphinx simulacra (Depths:3)
  17 mana vipers
  4 manticores
  4 orc sorcerers
  31 ugly things
  13 salamanders
  7 cyclopes
  A will-o-the-wisp (Swamp:2)
  11 moths of wrath
  40 black mambas
  A stone giant skeleton (Crypt:1)
  2 ice statues (IceCv)
  7 guardian serpents
  2 meliai (shapeshifter)
  16 naga magi
  14 vault sentinels
  A shock serpent zombie (Crypt:1)
  A water nymph (shapeshifter) (Vaults:5)
  A catoblepas zombie (Crypt:2)
  2 black mambas (shapeshifter)
  Joseph (D:9)
  17 cane toads
  An eye of devastation (Lair:5)
  An orange demon (Zot:3)
  A titan simulacrum (Depths:3)
  2 unseen horrors
  4 gargoyles
  A rime drake (Lair:2)
  2 kobold demonologists (D:14)
  11 freezing wraiths
  26 yaktaurs
  A bunyip simulacrum (Crypt:3)
  A catoblepas skeleton (Crypt:1)
  14 komodo dragons
  4 tengu conjurers
  4 trolls
  A bloated husk (Swamp:1)
  A spectral harpy (Crypt:3)
  5 tyrant leeches
  A harpy zombie (Crypt:1)
  A pale draconian skeleton (Crypt:1)
  A troll (shapeshifter) (D:14)
  11 polar bears
  12 hornets
  3 raiju (Lair:5)
  A harpy skeleton (Crypt:2)
  An alligator simulacrum (Crypt:2)
  A meliai (D:14)
  A fire giant simulacrum (Depths:3)
  An ice dragon zombie (Crypt:1)
  A stone giant simulacrum (Crypt:1)
  2 glass eyes
  A water elemental (Elf:2)
  49 slime creatures
  A frost giant simulacrum (Depths:2)
  A jumping spider (shapeshifter) (D:10)
  2 centaur simulacra (D:14)
  6 spriggans
  A shadow (Crypt:3)
  Sigmund (D:3)
  A black mamba zombie (Crypt:2)
  A spriggan (shapeshifter) (Vaults:5)
  2 small abominations (Crypt:3)
  10 wraiths
  16 wyverns
  A vampire (D:13)
  6 basilisks
  43 yaks
  Eustachio (D:5)
  A basilisk (shapeshifter) (Elf:3)
  A fire elemental (Elf:1)
  8 wargs
  3 redbacks (Lair:5)
  2 neqoxecs (D:10)
  A wind drake skeleton (Crypt:1)
  3 steam dragons
  9 vampire mosquitoes
  A harpy simulacrum (Crypt:2)
  36 nagas
  A naga zombie (Crypt:1)
  5 great orb of eyes simulacra (IceCv)
  12 hell hounds (Lair:5)
  Duvessa (D:6)
  17 swamp worms
  4 acid dragons
  A fire bat skeleton (Crypt:1)
  28 water moccasins
  7 swamp drakes
  13 black bears
  19 orc warriors
  An ice beast (D:7)
  7 sky beasts
  A snapping turtle zombie (Crypt:2)
  15 laughing skulls
  5 boggarts
  31 ogres
  A lindwurm skeleton (Crypt:2)
  8 centaurs
  A swamp dragon skeleton (Crypt:2)
  15 wolves
  4 slime creature simulacra (IceCv)
  An elf zombie (Ossuary)
  5 kobold brigands
  4 necrophages (Crypt:3)
  2 glowing shapeshifter simulacra
  15 bullfrogs
  A scorpion (D:7)
  A draconian skeleton (Crypt:2)
  9 wights
  Dowan (D:6)
  4 burial acolytes (Crypt:3)
  7 killer bees
  11 howler monkeys
  7 electric eels
  A lava snake (D:14)
  7 hounds
  A jelly (D:4)
  15 orc priests
  3 gnoll boudas
  2 sleepcaps
  8 iguanas
  Ijyb (D:4)
  4 hell rats (Lair:2)
  Natasha (twice) (D:2)
  13 orc wizards
  Terence (D:3)
  3 shapeshifter simulacra (IceCv)
  2 mummies (Ossuary)
  5 adders
  20 gnolls
  2 bombardier beetles
  3 white imps
  4 adder zombies (Ossuary)
  An adder skeleton (Crypt:2)
  A ribbon worm (D:2)
  A dart slug (D:2)
  44 orcs
  5 ball pythons
  A bat skeleton (Crypt:1)
  7 endoplasms
  4 giant cockroaches
  9 hobgoblins
  18 kobolds
  3 quokkas (D:2)
  A ball python skeleton (Crypt:1)
  5 bats
  4 frilled lizards
  A giant cockroach zombie (Crypt:1)
  7 goblins
  2 goblin zombies (Ossuary)
  5 hobgoblin zombies (Ossuary)
  A jackal zombie (Ossuary)
  12 kobold zombies (Ossuary)
  10 orc zombies (Ossuary)
  6 rats
  A rat zombie (Ossuary)
  An aspiring flesh (Zot:2)
1704 creatures vanquished.

Vanquished Creatures (collateral kills)
  2 dread liches
  2 ancient liches
  7 orbs of fire (Zot:5)
  A juggernaut (Depths:4)
  Josephina (Depths:3)
  3 Killer Klowns (Zot:5)
  Margery (Vaults:3)
  A caustic shrike (Depths:2)
  4 curse toes
  Nikola (Vaults:3)
  8 golden dragons
  3 electric golems
  18 tentacled monstrosities
  14 Orb Guardians (Zot:5)
  A lich (Depths:1)
  A searing wretch (Vaults:3)
  3 titans (Vaults:5)
  2 sphinxes
  4 quicksilver dragons
  An Executioner (Depths:3)
  An ancient champion (Crypt:3)
  2 deep elf master archers (Elf:3)
  11 death cobs
  4 tengu reavers
  A nagaraja (Snake:4)
  6 shadow dragons
  20 storm dragons
  4 draconian monks
  3 draconian knights
  2 protean progenitors (Zot:2)
  4 draconian scorchers
  2 draconian shifters
  4 fire giants
  A deep elf elementalist (Elf:3)
  8 frost giants
  7 vault wardens
  A ghost moth (Zot:5)
  A deep elf sorcerer (Elf:3)
  An orc warlord (Vaults:3)
  8 very ugly things
  A ghoul (Crypt:1)
  A draconian annihilator (Zot:5)
  A draconian stormcaller (Zot:5)
  4 spriggan defenders
  3 ironbound thunderhulks (Vaults:3)
  6 stone giants
  7 ironbound preservers
  A vampire knight (Depths:1)
  7 black draconians
  7 white draconians
  A deep elf demonologist (Vaults:5)
  7 dire elephants
  A formless jellyfish (Vaults:3)
  8 yellow draconians
  12 red draconians
  2 spark wasps (Depths:1)
  8 purple draconians
  A bunyip (shapeshifter) (Depths:4)
  A war gargoyle (Vaults:5)
  2 eidola
  6 ettins
  A deep elf high priest (Vaults:5)
  6 jiangshi (Crypt:3)
  An entropy weaver (Vaults:2)
  4 fire dragons
  A crystal guardian (Vaults:4)
  2 great orbs of eyes
  10 yaktaur captains
  6 vault guards
  The ghost of MysticSailboat the Spear-Bearer, a journeyman MfGl of Xom (D:10)
  3 ice dragons
  2 peacekeepers (Vaults:4)
  A spriggan air mage (Depths:2)
  2 anacondas
  3 rakshasas (Depths:2)
  2 alligators (Zot:2)
  3 ironbound frosthearts (Vaults:2)
  An ogre mage (Vaults:5)
  15 dancing weapons
  2 hell hogs (Depths:4)
  A deep troll shaman (Depths:1)
  A naga warrior (Snake:4)
  A sphinx skeleton (Depths:2)
  An orc high priest (Vaults:2)
  3 deep troll earth magi
  2 spriggan berserkers
  A naga sharpshooter (Snake:3)
  5 tengu warriors
  7 hell knights
  5 spriggans
  3 sun demons (Depths:3)
  A skyshark (shapeshifter) (Depths:3)
  A deep elf knight (Elf:3)
  A sixfirhy (Depths:2)
  4 skeletal warriors (Crypt:3)
  A golden dragon zombie (Depths:2)
  2 iron trolls
  18 deep trolls
  A glowing orange brain (shapeshifter) (Vaults:5)
  2 arcanists
  2 phantasmal warriors (Vaults:5)
  9 ironbound convokers
  3 deep elf pyromancers (Elf:1)
  A harpy (Vaults:4)
  2 deep elf zephyrmancers (Elf:1)
  5 orc knights
  A shining eye (shapeshifter) (Depths:2)
  A necromancer (Depths:2)
  8 ugly things
  19 moths of wrath
  A black mamba (Snake:4)
  A frost giant skeleton (Depths:2)
  A rust devil (D:10)
  5 vault sentinels
  A hellion (Depths:2)
  2 large abominations
  A tormentor (Depths:2)
  10 yaktaurs
  4 tengu conjurers
  5 hornets
  A tarantella (shapeshifter) (Depths:4)
  3 slime creatures (Vaults:4)
  An air elemental (Elf:1)
  A ynoxinul (Depths:2)
  2 shadows (Crypt:3)
  4 laughing skulls
  A water elemental (Depths:4)
  A fire elemental (Elf:2)
  7 redbacks
  2 steam dragons (Zot:2)
  A naga (Snake:3)
  2 earth elementals (Elf:2)
  A crocodile skeleton (Crypt:2)
  An aspiring flesh (Zot:2)
493 creatures vanquished.

Vanquished Creatures (others)
  A shadow dragon (Zot:1)
  A dancing weapon (Elf:1)
  A deep troll (Depths:1)
  A phantasmal warrior (Vaults:5)
  An orc priest (Orc:2)
  4 foxfires (Swamp:2)
9 creatures vanquished.

Grand Total: 2206 creatures vanquished

Table legend: (Time is in decaauts)
 A = Elapsed time spent in this place.
 B = Non-inter-level travel time spent in this place.
 C = Inter-level travel time spent in this place.
 D = Time resting spent in this place.
 E = Time spent auto-exploring this place.
 F = Levels seen in this place.
 G = Mean time per level.
                   A        B        C        D        E       F      G
               +--------+--------+--------+--------+--------+-----+--------+
         Total |  70530 |  65360 |   5170 |   9109 |  41064 |  53 | 1330.8 |
       Dungeon |  18572 |  16512 |   2060 |   2111 |  11837 |  15 | 1238.1 |
        Temple |     38 |      1 |     37 |      0 |      0 |   1 |   38.0 |
          Lair |   9352 |   8890 |    462 |   1460 |   6312 |   5 | 1870.4 |
         Swamp |   2930 |   2784 |    146 |    187 |   2074 |   4 |  732.5 |
     Snake Pit |   4802 |   4560 |    242 |     24 |   3282 |   4 | 1200.5 |
  Orcish Mines |   3308 |   3046 |    262 |    693 |   1889 |   2 | 1654.0 |
   Elven Halls |   3147 |   2992 |    155 |    149 |   2062 |   3 | 1049.0 |
        Vaults |   9538 |   8726 |    812 |    697 |   4894 |   5 | 1907.6 |
         Crypt |   3593 |   3327 |    266 |    785 |   1617 |   3 | 1197.7 |
        Depths |   6550 |   6119 |    431 |   1404 |   2771 |   4 | 1637.5 |
           Zot |   6860 |   6568 |    292 |    970 |   3522 |   5 | 1372.0 |
       Ossuary |    773 |    773 |      0 |    365 |    167 |   1 |  773.0 |
      Ice Cave |   1062 |   1062 |      0 |    263 |    637 |   1 | 1062.0 |
               +--------+--------+--------+--------+--------+-----+--------+

Top non-repeatable levels by time:
  Lair:5: 3638 daAuts
Depths:4: 2630 daAuts
Vaults:3: 2268 daAuts
  Lair:2: 1958 daAuts
 Snake:4: 1933 daAuts
   Zot:5: 1916 daAuts
   Orc:1: 1905 daAuts
Vaults:2: 1882 daAuts
Vaults:5: 1844 daAuts
Vaults:4: 1810 daAuts
     D:9: 1740 daAuts
Vaults:1: 1731 daAuts
    D:14: 1690 daAuts
     D:4: 1651 daAuts
    D:10: 1605 daAuts

Table legend:
 A = Non-vault XP
 B = Vault XP
 C = Vault XP percentage of total XP
 D = Non-vault monster count
 E = Vault monster count
 F = Vault count percentage of total count
                 A         B        C        D         E       F
            +---------+---------+-------+---------+---------+-------
      Total |  704056 |  651625 |  48.1 |    1280 |     900 |  41.3
            +---------+---------+-------+---------+---------+-------
        D:1 |      26 |       6 |  18.8 |      16 |       4 |  20.0
        D:2 |     116 |      35 |  23.2 |      23 |       1 |   4.2
        D:3 |      40 |     258 |  86.6 |      17 |       2 |  10.5
        D:4 |     528 |      36 |   6.4 |      25 |       1 |   3.8
        D:5 |     497 |     191 |  27.8 |      17 |       1 |   5.6
        D:6 |     706 |     218 |  23.6 |      16 |       2 |  11.1
        D:7 |    1135 |       0 |   0.0 |      17 |       0 |   0.0
        D:8 |    1496 |     686 |  31.4 |      23 |       5 |  17.9
        D:9 |    4187 |     412 |   9.0 |      32 |       1 |   3.0
       D:10 |    2320 |    7981 |  77.5 |      15 |      17 |  53.1
       D:11 |    3982 |     361 |   8.3 |      17 |       8 |  32.0
       D:12 |    5615 |       0 |   0.0 |      18 |       0 |   0.0
       D:13 |    9634 |    1803 |  15.8 |      31 |       2 |   6.1
       D:14 |   10636 |   18898 |  64.0 |      26 |      32 |  55.2
       D:15 |    7429 |    1737 |  19.0 |      17 |       2 |  10.5
     Lair:1 |    3696 |       0 |   0.0 |      14 |       0 |   0.0
     Lair:2 |    5659 |     891 |  13.6 |      25 |       1 |   3.8
     Lair:3 |    2032 |    5327 |  72.4 |       7 |      20 |  74.1
     Lair:4 |    5178 |     906 |  14.9 |      16 |       1 |   5.9
     Lair:5 |   11916 |   22871 |  65.7 |      37 |      97 |  72.4
    Swamp:1 |    6862 |       0 |   0.0 |      15 |       0 |   0.0
    Swamp:2 |   12073 |       0 |   0.0 |      22 |       0 |   0.0
    Swamp:3 |   15236 |    6867 |  31.1 |      25 |      11 |  30.6
    Swamp:4 |   14994 |   15245 |  50.4 |      16 |      22 |  57.9
    Snake:1 |   19586 |       0 |   0.0 |      38 |       0 |   0.0
    Snake:2 |   17436 |       0 |   0.0 |      34 |       0 |   0.0
    Snake:3 |   23822 |       0 |   0.0 |      45 |       0 |   0.0
    Snake:4 |   20433 |   33939 |  62.4 |      37 |      49 |  57.0
      Orc:1 |    1873 |    1921 |  50.6 |      19 |       4 |  17.4
      Orc:2 |    4805 |   14453 |  75.0 |      35 |      38 |  52.1
      Elf:1 |   11426 |   14380 |  55.7 |      19 |      22 |  53.7
      Elf:2 |   12782 |    3298 |  20.5 |      22 |       4 |  15.4
      Elf:3 |   13223 |   35967 |  73.1 |      20 |      29 |  59.2
   Vaults:1 |   41072 |   14976 |  26.7 |      58 |      23 |  28.4
   Vaults:2 |   21382 |   14708 |  40.8 |      31 |      20 |  39.2
   Vaults:3 |   22746 |   41538 |  64.6 |      30 |      55 |  64.7
   Vaults:4 |   30696 |   38371 |  55.6 |      44 |      39 |  47.0
   Vaults:5 |   11120 |   84538 |  88.4 |      29 |      83 |  74.1
    Crypt:1 |   24304 |    6064 |  20.0 |      33 |      11 |  25.0
    Crypt:2 |   25116 |       0 |   0.0 |      42 |       0 |   0.0
    Crypt:3 |       0 |   59809 | 100.0 |       0 |      92 | 100.0
   Depths:1 |   28029 |     947 |   3.3 |      34 |       1 |   2.9
   Depths:2 |   20565 |   10880 |  34.6 |      28 |      12 |  30.0
   Depths:3 |   18587 |   26307 |  58.6 |      17 |      32 |  65.3
   Depths:4 |   20096 |   35702 |  64.0 |      22 |      30 |  57.7
      Zot:1 |   32860 |    7391 |  18.4 |      28 |       5 |  15.2
      Zot:2 |   45458 |   12977 |  22.2 |      39 |      12 |  23.5
      Zot:3 |   25518 |       0 |   0.0 |      22 |       0 |   0.0
      Zot:4 |   39142 |       0 |   0.0 |      31 |       0 |   0.0
      Zot:5 |   45299 |   99298 |  68.7 |      33 |      40 |  54.8
    Ossuary |       0 |     185 | 100.0 |       0 |      38 | 100.0
      IceCv |     687 |    9247 |  93.1 |       3 |      31 |  91.2
            +---------+---------+-------+---------+---------+-------
